 Dungeon Crawl Stone Soup version 0.29.0-7-g18a832c13a (webtiles) character file.

Game seed: 18273217475445307874

70 enile the Digger (level 4, -1/33 HPs)
             Began as a Formicid Earth Elementalist on Aug 31, 2022.
             Was a Follower of Yredelemnul.
             Slain by a goblin
             ... wielding a +2 dagger of electrocution
              (19 damage)
             ... on level 3 of the Dungeon.
             The game lasted 00:02:31 (2178 turns).

enile the Digger (Formicid Earth Elementalist)      Turns: 2178, Time: 00:02:31

Health: -1/33      AC:  2    Str: 13    XL:     4   Next: 45%
Magic:  6/8        EV: 12    Int: 16    God:    Yredelemnul [*.....]
Gold:   163        SH:  0    Dex: 14    Spells: 6/9 levels left

rFire   . . .      SeeInvis +   k - +0 short sword
rCold   . . .      Faith    .   (no shield)
rNeg    . . .      Spirit   .   a - +0 robe
rPois   .          Reflect  .   (helmet unavailable)
rElec   .          Harm     .   (no cloak)
rCorr   .          Rampage  .   (no gloves)
Will    .....                   (no boots)
Stlth   ++........              (no amulet)
HPRegen 0.11/turn               (no ring)
MPRegen 0.11/turn               (no ring)

@: no status effects
A: permanent stasis, dig shafts and tunnels, antennae 3, four strong arms
a: Dig, Shaft Self, Renounce Religion, Recall Undead Harvest


You were on level 3 of the Dungeon.
You worshipped Yredelemnul.
Yredelemnul was noncommittal.
You visited 1 branch of the dungeon, and saw 3 of its levels.

You collected 184 gold pieces.
You spent 21 gold pieces at shops.

Inventory:

Hand Weapons
 k - a +0 short sword (weapon)
Missiles
 e - 6 poisoned darts
Armour
 a - a +0 robe (worn)
Scrolls
 c - a scroll of acquirement {unknown}
 d - 2 scrolls of identify {unknown}
 f - a scroll of enchant weapon
 g - a scroll of teleportation {unknown}
 h - a scroll of summoning {unknown}
 i - a scroll of blinking {unknown}
Potions
 b - a potion of magic
 j - a potion of haste {unknown}
 l - a potion of degeneration {unknown}


   Skills:
 - Level 2.0 Fighting
 - Level 1.7 Dodging
 - Level 3.0 Stealth
 - Level 3.0 Spellcasting
 - Level 1.1 Transmutations
 + Level 4.5 Earth Magic


You had 6 spell levels left.
You knew the following spells:

 Your Spells              Type           Power      Damage    Failure   Level
a - Sandblast             Erth           32%        2d9       3%          1
b - Passwall              Tmut/Erth      9%         N/A       9%          2

Your spell library contained the following spells:

 Spells                   Type           Power      Damage    Failure   Level
 Stone Arrow              Conj/Erth      18%        3d8       22%         3
 Poisonous Vapours        Pois/Air       4%         N/A       28%         2
 Petrify                  Tmut/Erth      11%        N/A       52%         4
 Corpse Rot               Necr/Pois/Air  2%         N/A       88%         4


Dungeon Overview and Level Annotations

Branches:
Dungeon (3/15)

Altars:
Yredelemnul

Shops:
D:2 *   D:3 (


Innate Abilities, Weirdness & Mutations

You cannot be hasted, slowed, berserked, paralysed or teleported.
You can dig through walls and to a lower floor.
You have a pair of large antennae on your head. (SInv)
Your four strong arms can wield two-handed weapons with a shield.


Message History

Aiming: Sandblast (safe; 3% risk of failure)
Press: ? - help, Shift-Dir - straight line, f - goblin
Aim: a goblin, wielding a +2 dagger of electrocution and wearing a +0 plate armour (ally target, 84% to hit)
The blast of sand hits the goblin but does no damage.
Your bat zombie hits the goblin but does no damage.
Your bat zombie barely misses the goblin. x2
The goblin closely misses your bat zombie.
Your bat zombie hits the goblin but does no damage.
A goblin is nearby!
Casting: Sandblast (safe; 3% risk of failure)
Confirm with . or Enter, or press ? or * to list all spells.
Aiming: Sandblast (safe; 3% risk of failure)
Press: ? - help, Shift-Dir - straight line, f/p - goblin
Aim: a goblin, wielding a +2 dagger of electrocution and wearing a +0 plate armour (ally target, 84% to hit)
Really fire in your bat zombie's direction? [Y]es or [N]o only, please.
Really fire in your bat zombie's direction? [Y]es or [N]o only, please.
Really fire in your bat zombie's direction?
Okay, then.
You swap places.
The goblin hits you with a +2 dagger of electrocution.
You closely miss the goblin.
The goblin hits you with a +2 dagger of electrocution.
You hit the goblin but do no damage.
The goblin hits you with a +2 dagger of electrocution.
You hit the goblin.
The goblin is heavily wounded.
The goblin hits you with a +2 dagger of electrocution.
Casting: Sandblast (safe; 3% risk of failure)
Confirm with . or Enter, or press ? or * to list all spells.
Aiming: Sandblast (safe; 3% risk of failure)
Press: ? - help, Shift-Dir - straight line, f/p - goblin
Aim: a goblin, wielding a +2 dagger of electrocution and wearing a +0 plate armour (heavily wounded, ally target, 84% to hit)
The blast of sand misses the goblin.
The goblin hits you with a +2 dagger of electrocution.
You are electrocuted!!
Ouch! That really hurt!
You die...
Your body rises from the dead as a mindless zombie.

####.##.##Z##########
..Z..##....Z.#
Z#########.#.####
#### Z# #.Z....#
....# Z# #.#Z#####
....# ##
#.#...ZZ#.....# #
<...#.#####Z#.....#
#####......#
#ZZ.....#
.##........#
#@##.....
..#.#..#...#
#g....... ...#......
......... # #.....
###...#### ######
###..# ...# #.....
.....# .... #. ######
####.# ....# #. #
#{### ....####.#### #
#..{# #.......####


You could see a goblin (ally target), a friendly bat zombie, a friendly ball
python zombie, a friendly quokka zombie, a friendly goblin zombie and a friendly
orc zombie.

Vanquished Creatures
  An orc wizard (D:3)
  5 orcs
  6 bats
  3 endoplasms
  A giant cockroach (D:1)
  5 goblins
  A hobgoblin (D:1)
  3 quokkas
  2 ball pythons (D:3)
  3 frilled lizards
  A kobold (D:1)
  3 rats
34 creatures vanquished.

Vanquished Creatures (collateral kills)
  A ball python (D:1)
  An endoplasm (D:2)
  A goblin (D:1)
  A rat (D:2)
4 creatures vanquished.

Vanquished Creatures (others)
  An orc zombie (D:3)
1 creature vanquished.

Grand Total: 39 creatures vanquished

Notes
Turn   | Place    | Note
-------+----------+-------------------------------------------
     0 | D:1      | enile the Formicid Earth Elementalist began the quest for
                  | the Orb.
     0 | D:1      | Reached XP level 1. HP: 13/13 MP: 3/3
   122 | D:1      | Reached skill level 1 in Fighting
   163 | D:1      | Reached XP level 2. HP: 21/21 MP: 3/5
   345 | D:1      | Found a faded altar of an unknown god.
   410 | D:1      | Prayed at the altar of an unknown god.
   410 | D:1      | Became a worshipper of Yredelemnul the Dark
   410 | D:1      | Reached * piety under Yredelemnul
   659 | D:2      | Found Jumiv's Assorted Antiques.
   665 | D:2      | Bought a scroll labelled LIH GYIWKYT for 21 gold pieces
   822 | D:2      | Learned a level 2 spell: Passwall
   860 | D:2      | Reached XP level 3. HP: 27/27 MP: 4/6
  1861 | D:3      | Reached skill level 4 in Earth Magic
  1861 | D:3      | Reached XP level 4. HP: 25/33 MP: 2/8
  2053 | D:3      | Found Vitet's Weapon Emporium.
  2178 | D:3      | Slain by a goblin

Illustrated notes

Levels and vault maps discovered:
D:1:      scummos_arrival_simple_crosswalls, layout_basic,
          dreamdust_ecumenical_altar_angels_and_demons
D:2:      layout_basic, serial_shops, shop_statue, minmay_statues_item,
          corexii_corridor_pit
D:3:      layout_basic, serial_shops, shop

Skill      XL: |  1  2  3 |
---------------+----------+-----
Fighting       | 1 2 |  2.0
Stealth        | 3 |  3.0
Spellcasting   | 3 |  3.0
Earth Magic    | 4 |  4.5
Dodging        | |  1.7
Transmutations | |  1.1

Action                   |  1- 3 |  4- 6 || total
-------------------------+-------+-------++-------
Melee: Unarmed           |     5 |       ||     5
       Short sword       |     2 |     4 ||     6
 Cast: Sandblast         |    41 |    13 ||    54
  Use: Scroll            |     1 |       ||     1
Armor: Robe              |     5 |     1 ||     6
Dodge: Dodged            |    18 |     2 ||    20
